Map: Winter Madness LE

Players

trigger - Winner!

  • Race: Protoss Protoss
  • League: Grandmaster
  • Spawn Location: 5:00

BabyMarine

  • Race: Terran Terran
  • Spawn Location: 11:00

VOD

Have the link to the VOD?

Description

Time

  • Played on: Jan. 31, 2026, 3 p.m.
  • Length: 13:39
Show
View Real Time Build Order
Export as new Build Order

trigger Protoss - Winner!

Build Orders: 1 Gate Expand, Blink Stalkers, Colossus Rush 

Get SALT Encoding   

  12  0:00  Probe  
  13  0:12  Probe  
  14  0:18  Pylon  
  14  0:23  Probe  
  15  0:32  Probe  
  15  0:37  Gateway  
  15  0:40  Probe  
  16  0:46  Assimilator  
  17  0:52  Probe  
  18  1:04  Probe  
  19  1:16  Probe  
  20  1:23  Cybernetics Core  
  20  1:31  Nexus  
  20  1:33  Probe  
  21  1:40  Pylon  
  21  1:45  Assimilator  
  21  1:47  Probe  
  21  1:50  Adept  
  22  2:00  Probe, Warp Gate  
  25  2:08  Stalker  
  25  2:12  Probe  
  28  2:24  Probe  
  29  2:34  Twilight Council  
  29  2:36  Probe  
  30  2:38  Probe  
  30  2:39  Stalker  
  33  2:46  Probe  
  33  2:48  Probe  
  35  2:51  Blink  
  35  2:59  Probe  
  35  3:00  Probe  
  35  3:05  Gateway  
  37  3:08  Probe  
  37  3:14  Probe  
  37  3:16  Probe  
  38  3:26  Probe x2  
  40  3:29  Robotics Facility  
  41  3:38  Probe x2  
  43  3:50  Probe x2  
  43  3:51  Nexus  
  43  3:53  Pylon  
  43  4:01  Stalker  
  43  4:02  Probe, Pylon  
  46  4:08  Assimilator  
  46  4:11  Probe  
  46  4:13  Stalker  
  46  4:14  Probe  
  46  4:16  Observer  
  51  4:23  Probe  
  52  4:25  Stalker  
  52  4:27  Probe  
  55  4:36  Probe  
  55  4:38  Stalker  
  58  4:39  Probe  
  58  4:41  Gateway x2  
  59  4:48  Probe  
  59  4:51  Probe  
  59  4:52  Charge  
  61  5:00  Probe x2  
  61  5:03  Probe, Robotics Bay  
  64  5:08  Shield Battery  
  64  5:10  Gateway, Probe  
  64  5:12  Probe  
  64  5:13  Gateway, Observer  
  66  5:15  Probe, Pylon  
  66  5:20  Probe  
  68  5:24  Probe  
  68  5:27  Probe  
  71  5:33  Gateway  
  71  5:34  Pylon  
  71  5:35  Probe  
  72  5:38  Pylon  
  70  5:42  Stalker x3  
  70  5:43  Stalker  
  70  5:46  Colossus  
  73  5:51  Probe  
  73  5:52  Probe  
  73  5:57  Probe  
  79  6:06  Probe  
  79  6:10  Shield Battery  
  80  6:12  Observer  
  80  6:14  Probe  
  80  6:16  Zealot x3, Probe  
  80  6:18  Probe  
  89  6:22  Probe  
  89  6:24  Probe  
  89  6:27  Extended Thermal Lance  
  91  6:32  Stalker  
  91  6:33  Probe  
  91  6:37  Zealot x3  
  99  6:42  Pylon  
  99  6:48  Pylon  
  99  6:50  Immortal  
  99  6:53  Zealot  
  105  7:01  Zealot x2  
  105  7:05  Pylon  
  105  7:07  Pylon  
  109  7:08  Forge  
  109  7:12  Zealot x4  
  117  7:23  Pylon  
  117  7:25  Colossus, Pylon  
  117  7:27  Pylon  
  117  7:33  Nexus  
  117  7:36  Zealot x5  
  133  7:44  Protoss Ground Weapons Level 1  
  109  7:59  Pylon, Probe x2  
  109  8:03  Forge, Sentry  
  109  8:04  Zealot x4  
  121  8:06  Zealot  
  121  8:08  Colossus, Zealot  
  121  8:09  Probe  
  121  8:11  Probe  
  127  8:13  Probe  
  133  8:21  Probe  
  133  8:23  Probe  
  123  8:39  Zealot x7  
  97  8:54  Probe  
  95  9:01  Stalker x3  
  95  9:02  Stalker x3, Zealot  
  105  9:04  Probe  
  105  9:07  Probe x3  
  109  9:10  Colossus  
  109  9:14  Probe  
  115  9:22  Protoss Ground Armor Level 1  
  116  9:25  Probe  
  116  9:29  Zealot x3  
  116  9:31  Protoss Ground Weapons Level 2, Probe  
  122  9:33  Probe  
  122  9:34  Probe  
  122  9:37  Probe  
  118  9:41  Sentry, Zealot  
  118  9:42  Zealot x2  
  124  9:45  Probe  
  124  9:50  Probe  
  124  9:52  Zealot x3  
  132  9:59  Robotics Facility, Probe x2  
  134  10:01  Assimilator, Warp Prism  
  134  10:03  Assimilator  
  134  10:06  Zealot  
  138  10:20  Nexus  
  138  10:24  Pylon  
  138  10:25  Disruptor  
  138  10:29  Pylon  
  138  10:31  Probe x2  
  138  10:32  Probe x2  
  142  10:38  Pylon  
  142  10:39  Zealot x6  
  158  10:43  Probe  
  159  10:51  Disruptor  
  159  10:53  Zealot  
  159  10:55  Probe  
  166  10:57  Gateway, Shield Battery, Disruptor  
  166  10:58  Gateway  
  166  10:59  Photon Cannon  
  166  11:00  Gateway  
  170  11:10  Zealot x5  
  180  11:13  Stalker  
  182  11:26  Disruptor  
  182  11:27  Disruptor  
  186  11:38  Zealot x5  
  196  11:50  Assimilator  
  192  11:58  Disruptor  
  182  12:02  Zealot x9  
  196  12:11  Disruptor  
  174  12:22  Zealot x3  
  174  12:23  Zealot x7  
  174  12:25  Warp Prism  
  182  12:40  Dark Shrine, Gateway  
  180  12:45  Zealot x3  
  180  12:46  Zealot x7  
  184  13:06  Zealot x6  
  184  13:07  Zealot x4  
  170  13:29  Zealot  
  170  13:30  Zealot x8  
Show
View Real Time Build Order
Export as new Build Order

BabyMarine Terran 

Build Orders: Reaper Expand 

Get SALT Encoding   

  12  0:00  SCV  
  13  0:12  SCV  
  14  0:17  Supply Depot  
  14  0:24  SCV  
  15  0:38  SCV  
  15  0:41  Barracks  
  16  0:45  Refinery  
  16  0:50  SCV  
  17  1:03  SCV  
  18  1:15  SCV  
  19  1:28  Reaper  
  19  1:29  Orbital Command  
  20  1:44  Command Center  
  20  1:48  Supply Depot  
  20  1:54  SCV  
  20  2:00  Marine  
  22  2:05  Factory  
  22  2:07  SCV  
  23  2:19  SCV  
  23  2:20  Bunker  
  25  2:23  Barracks Reactor  
  25  2:24  Refinery  
  24  2:31  SCV  
  25  2:43  SCV  
  28  2:51  Hellion  
  28  2:55  Starport  
  28  2:56  Orbital Command, SCV  
  29  3:00  Marine x2  
  31  3:09  Hyperflight Rotors  
  31  3:11  SCV  
  32  3:13  Factory Tech Lab  
  32  3:19  Marine x2  
  34  3:21  SCV  
  34  3:24  SCV  
  34  3:25  Supply Depot  
  36  3:34  SCV  
  37  3:37  Marine  
  37  3:39  SCV  
  37  3:41  Marine  
  39  3:43  Factory Tech Lab  
  39  3:46  Banshee  
  39  3:48  SCV  
  44  3:54  SCV, Marine  
  45  4:01  SCV  
  46  4:03  Supply Depot  
  46  4:06  SCV  
  46  4:08  Siege Tank  
  46  4:09  Marine  
  51  4:13  SCV  
  52  4:20  SCV  
  52  4:22  Barracks  
  53  4:25  Supply Depot  
  53  4:26  SCV  
  53  4:28  Banshee  
  57  4:31  Marine  
  57  4:32  Marine  
  57  4:34  Supply Depot  
  57  4:35  SCV  
  57  4:38  SCV  
  61  4:45  Refinery  
  61  4:47  Barracks  
  61  4:48  SCV  
  61  4:50  SCV  
  61  4:52  Siege Tank  
  66  4:54  Marine x2  
  67  5:00  SCV  
  67  5:01  Supply Depot  
  67  5:04  Engineering Bay  
  68  5:08  SCV  
  68  5:13  Marine x2  
  71  5:17  Starport Reactor  
  72  5:21  SCV  
  72  5:22  Stimpack  
  72  5:23  Supply Depot, Marauder  
  74  5:28  SCV  
  74  5:30  Refinery  
  74  5:34  Terran Infantry Weapons Level 1  
  73  5:38  Marine x2  
  73  5:40  SCV  
  76  5:44  Marauder  
  76  5:46  Factory Reactor, Marauder  
  76  5:47  SCV  
  81  5:53  SCV  
  81  5:56  Medivac  
  84  6:03  Marine x2  
  84  6:07  Supply Depot  
  84  6:08  Medivac, Supply Depot  
  85  6:13  Marine x2  
  85  6:16  Combat Shield  
  87  6:22  Command Center  
  87  6:24  Marine x2  
  87  6:25  Widow Mine  
  91  6:26  Widow Mine  
  93  6:37  Marauder x2  
  97  6:42  Barracks  
  97  6:43  Barracks  
  97  6:44  Marine x2  
  97  6:45  Medivac x2  
  103  6:50  Supply Depot  
  103  6:52  Supply Depot  
  103  6:58  Widow Mine x2  
  103  7:00  Marauder  
  109  7:03  Marine  
  109  7:04  Concussive Shells  
  110  7:11  Marine  
  110  7:12  Marauder  
  110  7:13  SCV x2  
  115  7:19  Viking x2  
  119  7:24  Starport  
  119  7:25  SCV  
  119  7:26  Marauder  
  113  7:32  Marine x2, Barracks Tech Lab  
  113  7:33  Barracks Reactor, SCV  
  113  7:39  Marauder  
  115  7:44  Terran Infantry Armor Level 1  
  115  7:48  SCV  
  115  7:49  SCV  
  115  7:51  Marine x2, Marauder  
  115  7:53  Marine  
  108  7:59  Orbital Command  
  108  8:00  Marine  
  109  8:08  Marine  
  109  8:10  SCV x2  
  109  8:12  Marauder  
  114  8:15  Viking x2  
  118  8:21  Marauder  
  118  8:22  SCV x2  
  118  8:25  SCV  
  123  8:28  Supply Depot  
  123  8:29  Marauder  
  117  8:34  Marine x2, SCV x2, Marauder  
  116  8:41  Medivac  
  116  8:44  SCV  
  107  8:50  Marauder  
  107  8:55  Marauder  
  111  8:56  SCV, Marine  
  111  8:59  SCV  
  114  9:03  Viking  
  114  9:06  Marine  
  117  9:10  Medivac x2  
  117  9:13  Marine, Marauder  
  124  9:19  Marine  
  124  9:20  Missile Turret  
  124  9:22  Marauder  
  124  9:24  Marauder  
  129  9:25  Marine  
  130  9:34  Marine x2  
  130  9:35  Marauder  
  125  9:44  Marauder  
  125  9:45  Marauder  
  129  9:46  Command Center  
  129  9:47  SCV, Armory  
  129  9:52  Refinery  
  130  9:53  Refinery  
  130  9:54  Viking  
  130  9:56  SCV x2, Marauder  
  130  9:59  Viking  
  138  10:01  Bunker  
  138  10:04  Supply Depot  
  138  10:07  Viking  
  140  10:08  SCV x2  
  140  10:11  SCV  
  140  10:13  Marauder  
  144  10:22  Viking  
  144  10:24  Supply Depot  
  144  10:25  Marauder  
  144  10:26  Marauder, Engineering Bay  
  150  10:28  SCV x2  
  150  10:29  SCV  
  153  10:39  Marauder, Viking  
  153  10:42  Terran Infantry Weapons Level 2  
  157  10:46  Viking, Missile Turret, Marauder  
  161  10:52  Sensor Tower  
  161  10:53  Supply Depot  
  161  10:55  Missile Turret  
  161  10:57  Terran Infantry Armor Level 2  
  161  11:02  Marauder x2  
  161  11:03  Marine x3  
  166  11:22  Barracks  
  166  11:23  Sensor Tower, Barracks  
  166  11:24  Barracks  
  166  11:32  Marauder x3  
  171  11:39  SCV  
  170  11:40  Missile Turret  
  170  11:41  Marine x4  
  170  11:44  Ghost Academy, SCV  
  175  12:01  Marine, Marauder x3  
  177  12:05  SCV  
  177  12:07  SCV  
  176  12:11  SCV  
  171  12:16  Marine x3  
  171  12:21  SCV  
  171  12:22  Marauder x3  
  168  12:43  Ghost x3  
  174  12:45  Marine x3  
  174  12:46  Marine, Sensor Tower  
  174  12:49  Medivac  
  168  13:02  SCV x2  
  168  13:03  Marine  
  168  13:05  SCV  
  163  13:08  Marine x3  
  163  13:12  Marauder  
  153  13:14  SCV x2  
  153  13:17  SCV  
  139  13:21  Marine  
  139  13:26  SCV x2  
Tags
 
Add a new tag
Caveats
  • Supply blocks, unpowered buildings, or Contaminate may cause inaccurate times.
  • Supply counts are checked every 10 seconds.